 Dungeon Crawl Stone Soup version 0.30.1-3-gfc49f6343a (webtiles) character file.

Game seed: 3925699228682046305

12 hawla the Firebug (level 2, -1/20 HPs)
             Began as a Meteoran Fire Elementalist on July 18, 2023.
             Slain by an orc
             ... wielding a +0 club
              (3 damage)
             ... on level 2 of the Dungeon.
             The game lasted 00:01:37 (186 turns).

hawla the Firebug (Meteoran Fire Elementalist)       Turns: 186, Time: 00:01:37

Health: -1/20      AC:  3    Str:  9    XL:     2   Next: 64%
Magic:  5/7        EV: 12    Int: 16    God:
Gold:   13         SH:  0    Dex: 14    Spells: 6/7 levels left

rFire   . . .        (no weapon)
rCold   . . .        (no shield)
rNeg    . . .        a - +0 robe
rPois   .            (no helmet)
rElec   .            (no cloak)
rCorr   .            e - +0 pair of gloves
SInv    .            (no boots)
Will    .....        (no amulet)
Stlth   +            (no ring)
HPRegen 0.23/turn    (no ring)
MPRegen 0.10/turn

%: no passive effects
@: very slightly contaminated, glowing
A: sense surroundings 1, otherworldly, glowing, explore regen
a: no special abilities


You were on level 2 of the Dungeon.
You visited 1 branch of the dungeon, and saw 3 of its levels.

You collected 13 gold pieces.

Inventory:

Armour
 a - a +0 robe (worn)
 e - a +0 pair of gloves (worn)
Scrolls
 f - a scroll of magic mapping {unknown}
Potions
 b - a potion of magic
 g - a potion of mutation {unknown}


   Skills:
 + Level 2.4 Dodging
 - Level 1.4 Stealth
 + Level 3.1 Spellcasting
 + Level 1.4 Conjurations
 + Level 4.0 Fire Magic


You had 6 spell levels left.
You knew the following spells:

 Your Spells              Type           Power      Damage    Failure   Level
a - Foxfire               Conj/Fire      44%        2x1d6     6%          1

Your spell library contained the following spells:

 Spells                   Type           Power      Damage    Failure   Level
 Scorch                   Fire           30%        2d6       5%          2
 Inner Flame              Hex/Fire       9%         N/A       24%         3
 Volatile Blastmotes      Fire/Tloc      18%        2d11      24%         3
 Flame Wave               Conj/Fire      11%        2d6       52%         4


Dungeon Overview and Level Annotations

Branches:
Dungeon (3/15) Zot: 1613

Altars:


Innate Abilities, Weirdness & Mutations

You passively map a small area around you.
You are easily found by Zot.
You glow in the dark.
You regain HP and MP as you explore.


Message History

The rat attacks as you move away! The rat bites you but does no damage.
The orc closely misses you.
The frilled lizard attacks as you move away!
The frilled lizard misses you. The orc attacks as you move away!
The orc hits you with a +0 club.
A goblin comes into view. It is wielding a +0 club.
A rat comes into view.
The orc attacks as you move away! The orc hits you with a +0 club.
The goblin hits you but does no damage. The orc attacks as you move away!
The orc misses you. The orc attacks as you move away!
The orc barely misses you. The orc attacks as you move away!
The orc barely misses you. The rat bites you. The rat attacks as you move away!
The rat bites you but does no damage.
Your hearing returns.
The orc attacks as you move away! The orc hits you with a +0 club.
The orc attacks as you move away! The orc hits you with a +0 club.
* * * LOW HITPOINT WARNING * * *
There is a stone staircase leading up here.
The orc hits you with a +0 club.
* * * LOW HITPOINT WARNING * * *
You climb upwards.
There is a stone staircase leading down here.
Casting: Foxfire (safe; 6% risk of failure)
Confirm with . or Enter, or press ? or * to list all spells.
You don't know that spell.
Casting: Foxfire (safe; 6% risk of failure)
Confirm with . or Enter, or press ? or * to list all spells.
You conjure some foxfire!
The orc completely misses you. The orc attacks as you move away!
The orc hits you with a +0 club.
* * * LOW HITPOINT WARNING * * *
The foxfire hits the orc.
The orc is lightly wounded.
The foxfire hits the orc.
The orc is heavily wounded.
Casting: Foxfire (safe; 6% risk of failure)
Confirm with . or Enter, or press ? or * to list all spells.
You miscast Foxfire.
You are very lightly contaminated with residual magic.
Nothing appears to happen.
The orc hits you with a +0 club.
You die...

..#* * ..# ,, ...... ,
,** * ####... ,, , #
########+# **.#
.........# ####.###
.........# #......, *
.........# #..#.#*
###+####.######o@..####
...............>ยง.......
###.####.######.########
....# #.# #.# ....# #.#
#.# ##### #.# #.# #**
#+#* #.# . , ,, #.# .
*#.#


You could see an orc.

Vanquished Creatures
  A dart slug (D:2)
  A ball python (D:2)
  An endoplasm (D:2)
  A goblin (D:1)
  A hobgoblin (D:2)
  2 kobolds (D:2)
  A quokka (D:2)
  A rat (D:2)
9 creatures vanquished.

Vanquished Creatures (others)
  26 foxfires
26 creatures vanquished.

Grand Total: 35 creatures vanquished

Notes
Turn   | Place    | Note
-------+----------+-------------------------------------------
     0 | D:1      | hawla the Meteoran Fire Elementalist began the quest for
                  | the Orb.
     0 | D:1      | Reached XP level 1. HP: 14/14 MP: 5/5
    88 | D:2      | Reached XP level 2. HP: 20/20 MP: 2/7
    96 | D:2      | Reached skill level 4 in Fire Magic
   164 | D:3      | Noticed an ogre
   185 | D:2      | HP: 1/20 [orc/+0 club (2)]
   186 | D:2      | Slain by an orc

Illustrated notes

Levels and vault maps discovered:
D:1:      ebering_hopf_link, layout_basic, hangedman_decor_points
D:2:      layout_basic, serial_shops, nicolae_shop_crystal,
          nicolae_shop_pleasant_corner_grove, nicolae_shop_back_alley_shop,
          nicolae_shop_crystal, shop, hex_medium, uniq_crazy_yiuf_cottage,
          uniq_terence
D:3:      minmay_diamond_boxcup, layout_basic, minivault_4

Skill      XL: |  1  2 |
---------------+-------+-----
Spellcasting   | 3 |  3.1
Fire Magic     | 4 |  4.0
Dodging        | |  2.4
Stealth        | |  1.4
Conjurations   | |  1.4

Action                     || total
---------------------------++-------
   Cast: Foxfire           ||    16
    Use: Scroll            ||     2
 Armour: Robe              ||     5
  Dodge: Dodged            ||    10
